 Dungeon Crawl Stone Soup version 0.26-a0-259-g1effd001a9 (webtiles) character file.

Game seed: 6278640646388683824

4039 Goblin1989 the Grappler (level 10, 0/147 HPs)
             Began as a Troll Fighter on July 19, 2020.
             Was an Initiate of Gozag.
             Slain by a killer bee (3 damage)
             ... on level 8 of the Dungeon.
             The game lasted 00:16:30 (6822 turns).

Goblin1989 the Grappler (Troll Fighter)             Turns: 6822, Time: 00:16:31

Health: 0/147      AC:  6    Str: 26    XL:     10   Next: 4%
Magic:  9/9        EV: 11    Int:  7    God:    Gozag
Gold:   1488       SH: 10    Dex:  9    Spells: 9/9 levels left

rFire    . . .     SeeInvis .     - Unarmed
rCold    + . .     Faith    .   b - +0 kite shield
rNeg     + . .     Spirit   .   a - +0 robe
rPois    .         Reflect  .   (helmet restricted)
rElec    .         Harm     .   E - scarf {+Inv}
rCorr    .                      (gloves unavailable)
MR       .....                  (boots unavailable)
Stlth    ..........             y - amulet of inaccuracy (curse)
HPRegen  0.74/turn              c - ring of protection from cold
MPRegen  0.11/turn              C - ring of positive energy

@: berserking, lethally poisoned (0 -> -12), gold aura, very quick
A: large, unfitting armour, claws 3, fast metabolism 1, regeneration 1, shaggy
fur 1, tough skin 3
a: Potion Petition, Call Merchant, Bribe Branch, Renounce Religion, Evoke
Invisibility


You were on level 8 of the Dungeon.
You worshipped Gozag.
Gozag was most pleased with you.
You were not hungry.

You visited 2 branches of the dungeon, and saw 9 of its levels.
You also visited: Ossuary.

You collected 1557 gold pieces.
You paid 69 gold pieces to Gozag.

Inventory:

Armour
 a - a +0 robe (worn)
 b - a +0 kite shield (worn)
 o - a scarf of harm
 E - a scarf of invisibility (worn)
Jewellery
 c - a ring of protection from cold (left claw)
 g - an uncursed ring of resist corrosion
 x - an uncursed ring of stealth
 y - a cursed amulet of inaccuracy (around neck)
 C - a ring of positive energy (right claw)
 F - an uncursed ring of fire
 I - an uncursed ring of ice
 P - an uncursed ring of wizardry {unknown}
Wands
 B - a wand of acid (5) {@v2}
 J - a wand of clouds (2) {@v3}
 K - a wand of digging (2) {@v1}
Scrolls
 i - a scroll of enchant weapon
 j - 9 scrolls of identify {unknown}
 m - 6 scrolls of remove curse {unknown}
 n - 5 scrolls of enchant armour {unknown}
 p - 3 scrolls of amnesia {unknown}
 H - 4 scrolls of teleportation {unknown}
 L - a scroll of fog {unknown}
 M - a scroll of magic mapping
 Q - a scroll of blinking {unknown}
Potions
 f - 5 potions of ambrosia {unknown}
 h - 3 potions of heal wounds {unknown}
 k - 2 potions of mutation {unknown}
 l - a potion of flight {unknown}
 v - a potion of invisibility
 w - 2 potions of cancellation {unknown}
 z - 2 potions of resistance {unknown}
 A - 5 potions of curing {unknown}
 D - a potion of might {@q4}
 G - 2 potions of haste {unknown}
 N - 3 potions of brilliance {unknown}
 O - 4 potions of degeneration {unknown}
Comestibles
 e - 25 rations


   Skills:
 + Level 6.0 Fighting
 + Level 5.9 Dodging
 + Level 5.9 Shields
 * Level 9.4 Unarmed Combat


You had 9 spell levels left.
You didn't know any spells.
Your spell library contained the following spells:

 Spells                   Type           Power        Failure   Level
 Beastly Appendage        Tmut           #.....       65%         1
 Sticks to Snakes         Tmut           #.......     80%         2
 Spider Form              Tmut/Pois      #.........   95%         3
 Ice Form                 Ice/Tmut       #.......     100%        4
 Blade Hands              Tmut           #.........   100%        5


Dungeon Overview and Level Annotations

Branches:
Dungeon (8/15)             Temple (1/1) D:4         Ossuary (visited)
   Lair: D:8-11

Altars:
Ashenzari
Cheibriados
Dithmenos
Elyvilon
Fedhas
Gozag
Hepliaklqana
Kikubaaqudgha
Makhleb
Nemelex Xobeh
Okawaru
Qazlal
Sif Muna
Trog
Uskayaw
Wu Jian
Xom
Yredelemnul
Zin
The Shining One

Annotations:
D:3 1 runed translucent door, Crazy Yiuf


Innate Abilities, Weirdness & Mutations

You are too large for most types of armour.
You have claws for hands.
You have a fast metabolism.
Your natural rate of healing is unusually fast.
You are covered in fur. (AC +1)
You have extremely tough skin. (AC +3)


Message History

The killer bee closely misses you.
You take 2 damage, and have 24/98 hp.
You miss the killer bee.
The killer bee is almost dead.
You feel sick. The killer bee misses you. You block the killer bee's attack.
You miss the killer bee.
The killer bee is almost dead.
You feel sick.
The killer bee is no longer distracted by gold.
The killer bee stings you.
* * * LOW HITPOINT WARNING * * *
You block the killer bee's attack. The killer bee stings you.
* * * LOW HITPOINT WARNING * * *
The killer bee stings you!
* * * LOW HITPOINT WARNING * * *
The killer bee stings you.
* * * LOW HITPOINT WARNING * * *
The killer bee stings you but does no damage.
The killer bee closely misses you.
You take 17 damage, and have 7/98 hp. [a] - 0 gold - haste, resistance, invisibility and stabbing [b] - 0 gold - heal wounds and berserk rage [c] - 0 gold - invisibility, stabbing, might, haste and resistance Purchase which effect?
You feel much better.
A red film seems to cover your vision as you go berserk!
You feel yourself moving faster!
You feel mighty!
You feel sick. You block the killer bee's attack.
The killer bee barely misses you. You block the killer bee's attack.
The killer bee stings you.
* * * LOW HITPOINT WARNING * * *
You are more poisoned.
The killer bee poisons you! The killer bee closely misses you.
The killer bee stings you!
* * * LOW HITPOINT WARNING * * *
The killer bee stings you.
* * * LOW HITPOINT WARNING * * *
You block the killer bee's attack.
You now have 37/147 hp.
Unknown command.
You miss the killer bee.
The killer bee is almost dead.
You feel sick. You block the killer bee's attack.
The killer bee stings you but does no damage.
The killer bee stings you.
* * * LOW HITPOINT WARNING * * *
The killer bee stings you but does no damage.
You take 2 damage, and have 35/147 hp.
You closely miss the killer bee.
The killer bee is almost dead.
You feel sick. The killer bee barely misses you. The killer bee stings you.
* * * LOW HITPOINT WARNING * * *
The killer bee closely misses you. You block the killer bee's attack.
The killer bee stings you.
* * * LOW HITPOINT WARNING * * *
You are more poisoned.
The killer bee poisons you! The killer bee closely misses you.
You take 6 damage, and have 29/147 hp.
You miss the killer bee.
The killer bee is almost dead.
You feel sick. The killer bee misses you.
The killer bee stings you but does no damage.
The killer bee closely misses you. You block the killer bee's attack.
You miss the killer bee.
The killer bee is almost dead.
You feel sick. The killer bee closely misses you. The killer bee stings you.
* * * LOW HITPOINT WARNING * * *
The killer bee stings you.
* * * LOW HITPOINT WARNING * * *
You are more poisoned.
The killer bee poisons you! You block the killer bee's attack.
You take 4 damage, and have 25/147 hp.
You miss the killer bee.
The killer bee is almost dead.
You feel sick. The killer bee stings you.
* * * LOW HITPOINT WARNING * * *
The killer bee completely misses you. You block the killer bee's attack.
The killer bee stings you.
* * * LOW HITPOINT WARNING * * *
You take 7 damage, and have 18/147 hp.
You mangle the killer bee!!
You kill the killer bee!
* * * LOW HITPOINT WARNING * * *
You feel sick. You block the killer bee's attack. x2
The killer bee closely misses you.
You take 2 damage, and have 16/147 hp.
You closely miss the killer bee.
You feel sick.
You block the killer bee's attack. x2; The killer bee misses you.
You take 1 damage, and have 15/147 hp.
You claw the killer bee!
The killer bee is almost dead.
You feel sick. You block the killer bee's attack.
The killer bee completely misses you. You block the killer bee's attack.
Your shield prevents you from hitting the killer bee.
The killer bee is almost dead.
* * * LOW HITPOINT WARNING * * *
You feel sick. The killer bee stings you!
* * * LOW HITPOINT WARNING * * *
The killer bee stings you.
You die...
Your body crumbles into a pile of gold.

....██........███████.▓▓▓▓▓▲▓····
█.████................··········▓
........███.......████···········
█∆████∆████.......█ ▓··········▓
█.█......██.......█ ▓··········▓
█.█......██.......█ ▓▓▓▓▓▓▓▓▓▓▓▓
█.█...............█ ▓▓▓▓▓▓▓
..████..........yy████████▓······
..∆.........<...@$........·······
..█████........██y........·······
..█ █..........██.........·······
..███..........██.........····▓▓▓
....█..............$......····▓ ▓
....█.....................····▓ ▓
....█...............██....▓·▓▓▓ ▓
....███....████.....█▓....▓·▓▓▓▓▓
[...█ █....█ █.....█▓·...▓······


You could see 3 killer bees.

Vanquished Creatures
  Grinder (D:5)
  A hornet (D:5)
  Sigmund (D:2)
  Duvessa (D:7)
  An ice beast (D:7)
  A black bear (D:7)
  4 ogres
  A sky beast (D:7)
  An eye of draining (D:8)
  A necrophage (D:6)
  2 centaurs
  2 elf zombies
  3 bullfrogs
  2 elf skeletons (D:8)
  Dowan (D:7)
  A scorpion (D:6)
  2 killer bees (D:8)
  5 wights (D:7)
  3 howler monkeys
  3 centaur zombies (Ossuary)
  2 jellies
  7 orc priests
  A human zombie (Ossuary)
  4 hounds
  An iron imp (D:5)
  7 orc wizards
  A bullfrog skeleton (D:8)
  An iguana (D:4)
  Jessica (D:3)
  Natasha (thrice) (D:2)
  Terence (D:2)
  2 human skeletons (D:8)
  2 worker ants
  2 centaur skeletons
  A hound skeleton (D:6)
  2 mummies (Ossuary)
  A howler monkey zombie (D:6)
  2 worker ant zombies
  6 adders
  4 shadow imps
  5 white imps
  An ooze (D:1)
  3 adder zombies (Ossuary)
  4 worms
  4 dart slugs
  7 leopard geckos
  39 orcs
  4 giant cockroaches
  15 goblins
  13 hobgoblins
  12 jackals
  5 kobolds
  5 quokkas
  10 bats
  9 frilled lizards
  2 goblin zombies (Ossuary)
  6 hobgoblin zombies (Ossuary)
  2 jackal skeletons
  3 jackal zombies
  9 kobold zombies (Ossuary)
  An orc skeleton (D:8)
  11 orc zombies (Ossuary)
  A quokka skeleton (D:5)
  A quokka zombie (D:6)
  8 rats
268 creatures vanquished.

Notes
Turn   | Place    | Note
-------+----------+-------------------------------------------
     0 | D:1      | Goblin1989 the Troll Fighter began the quest for the Orb.
     0 | D:1      | Reached XP level 1. HP: 22/22 MP: 0/0
   144 | D:1      | Reached XP level 2. HP: 29/29 MP: 1/1
   287 | D:1      | Reached XP level 3. HP: 35/36 MP: 2/2
   753 | D:2      | Noticed Terence
   771 | D:2      | Killed Terence
   771 | D:2      | Reached skill level 3 in Unarmed Combat
   778 | D:2      | Reached XP level 4. HP: 29/44 MP: 3/3
  1104 | D:2      | Noticed Sigmund
  1104 | D:2      | Noticed Natasha
  1122 | D:2      | Killed Sigmund
  1122 | D:2      | Reached skill level 4 in Unarmed Combat
  1122 | D:2      | Reached XP level 5. HP: 38/53 MP: 4/4
  1131 | D:2      | Killed Natasha
  1131 | D:2      | Reached XP level 6. HP: 50/61 MP: 5/5
  1389 | D:2      | Noticed Natasha
  1403 | D:2      | Killed Natasha
  1539 | D:2      | Noticed Natasha
  1546 | D:2      | Killed Natasha
  1893 | D:3      | Noticed Jessica
  1899 | D:3      | Killed Jessica
  2103 | D:3      | Found a runed translucent door.
  2104 | D:3      | Noticed Crazy Yiuf
  2231 | D:3      | Found a burning altar of Makhleb.
  2551 | D:4      | Found a glowing golden altar of the Shining One.
  3155 | D:4      | Found a staircase to the Ecumenical Temple.
  3168 | Temple   | Entered the Ecumenical Temple
  3258 | Temple   | Became a worshipper of Gozag Ym Sagoz the Greedy
  3324 | D:4      | Reached skill level 5 in Unarmed Combat
  3412 | D:5      | Entered Level 5 of the Dungeon
  3412 | D:5      | Noticed Grinder
  3419 | D:5      | Killed Grinder
  3419 | D:5      | Reached XP level 7. HP: 42/68 MP: 6/6
  3721 | D:4      | Reached skill level 6 in Unarmed Combat
  3807 | D:5      | Reached XP level 8. HP: 48/78 MP: 7/7
  3825 | D:5      | Noticed a hornet
  4009 | D:5      | Killed a hornet
  4171 | D:5      | Found a basalt altar of Yredelemnul.
  4176 | D:5      | Found a hazy altar of Hepliaklqana.
  4178 | D:5      | Found a glowing silver altar of Zin.
  4180 | D:5      | Found a shimmering altar of Xom.
  4182 | D:5      | Found an iron altar of Okawaru.
  4298 | D:5      | Found a snail-covered altar of Cheibriados.
  4620 | D:6      | Reached skill level 7 in Unarmed Combat
  4962 | D:6      | Reached skill level 5 in Fighting
  5187 | D:7      | Reached skill level 5 in Dodging
  5187 | D:7      | Reached skill level 5 in Shields
  5187 | D:7      | Reached XP level 9. HP: 88/88 MP: 8/8
  5328 | D:7      | Reached skill level 8 in Unarmed Combat
  5576 | D:7      | Noticed Duvessa
  5584 | D:7      | Noticed Dowan
  5587 | D:7      | Killed Duvessa
  5593 | D:7      | Killed Dowan
  5686 | D:7      | Found a hide-covered altar of Uskayaw.
  6028 | D:8      | Reached skill level 9 in Unarmed Combat
  6035 | D:8      | Found a sand-covered staircase.
  6046 | Ossuary  | Entered an ossuary
  6622 | D:8      | Reached XP level 10. HP: 48/98 MP: 9/9
  6733 | D:8      | Found an ornate altar of the Wu Jian Council.
  6822 | D:8      | HP: 3/147 [killer bee (10)]
  6822 | D:8      | Slain by a killer bee

Illustrated notes

Levels and vault maps discovered:
D:1:      lemuel_arrival_rhombus, layout_loops_ring, serial_park_tiny_pond
D:2:      layout_basic, minmay_pentomino_u4, uniq_natasha, uniq_sigmund,
          uniq_terence
D:3:      layout_loops_corners, old_standard_altar, uniq_crazy_yiuf_cottage,
          uniq_jessica
D:4:      cheibrodos_greedy_goblins, layout_basic, lemuel_crystal_altar,
          minmay_temple_entry_poolview
D:5:      wander_river, layout_cave_pools, slow_altar_2, minitemple,
          first_ration, uniq_grinder
D:6:      layout_cave_pools
D:7:      layout_basic, eat_drink_and_be_merry_uskayaw, uniq_duvessa
D:8:      layout_basic, old_standard_altar, nicolae_ossuary_entry_catacombs
Temple:   compressed_dpeg_circular_temple

Skill      XL: |  1  2  3  4  5  6  7  8  9 |
---------------+----------------------------+-----
Unarmed Combat | 3 4 5 6 7 9 |  9.4
Fighting       | 3 4 5 6 |  6.0
Dodging        | 3 4 5 |  5.9
Shields        | 3 4 5 |  5.9

Action                   |  1- 3 |  4- 6 |  7- 9 | 10-12 || total
-------------------------+-------+-------+-------+-------++-------
Melee: Unarmed           |    80 |   196 |   554 |    25 ||   855
Invok: Potion Petition   |       |       |       |     1 ||     1
Evoke: Wand              |       |       |     1 |       ||     1
  Use: Potion            |       |     1 |       |       ||     1
       Scroll            |       |       |     2 |       ||     2
 Stab: Sleeping          |       |     3 |       |       ||     3
  Eat: Ration            |       |     4 |     3 |       ||     7
Armor: Robe              |    27 |    52 |   130 |     6 ||   215
Dodge: Dodged            |    21 |    52 |   173 |    29 ||   275
Block: Kite shield       |    26 |    80 |   223 |    32 ||   361

Table legend:
 A = Non-vault XP
 B = Vault XP
 C = Vault XP percentage of total XP
 D = Non-vault monster count
 E = Vault monster count
 F = Vault count percentage of total count
                 A         B        C        D         E       F
            +---------+---------+-------+---------+---------+-------
      Total |    4166 |    1604 |  27.8 |     202 |      66 |  24.6
            +---------+---------+-------+---------+---------+-------
        D:1 |      55 |       0 |   0.0 |      26 |       0 |   0.0
        D:2 |     142 |     309 |  68.5 |      33 |       7 |  17.5
        D:3 |     108 |      37 |  25.5 |      22 |       1 |   4.3
        D:4 |     346 |      18 |   4.9 |      13 |       9 |  40.9
        D:5 |     641 |     321 |  33.4 |      18 |       2 |  10.0
        D:6 |     760 |       0 |   0.0 |      25 |       0 |   0.0
        D:7 |    1273 |     223 |  14.9 |      36 |       2 |   5.3
        D:8 |     841 |     341 |  28.8 |      29 |       6 |  17.1
    Ossuary |       0 |     355 | 100.0 |       0 |      39 | 100.0
            +---------+---------+-------+---------+---------+-------
